 Dungeon Crawl Stone Soup version 0.29.1-15-g9cfb28693d (webtiles) character file.

Game seed: 11068286215874018079

109 Wiggles the Chopper (level 4, -5/39 HPs)
             Began as a Minotaur Berserker on Mar 29, 2023.
             Was a Believer of Trog.
             Killed from afar by Grinder (10 damage)
             ... with a puff of flame
             ... while paralysed by Grinder
             ... on level 3 of the Dungeon.
             The game lasted 00:03:04 (2015 turns).

Wiggles the Chopper (Minotaur Berserker)            Turns: 2015, Time: 00:03:05

Health: -5/39      AC:  4    Str: 24    XL:     4   Next: 60%
Magic:  3/3        EV:  2    Int:  4    God:    Trog [**....]
Gold:   107        SH:  0    Dex:  9    Spells: 3/3 levels left

rFire   . . .      SeeInvis .   a - +0 hand axe
rCold   . . .      Faith    .   (no shield)
rNeg    . . .      Spirit   .   f - +0 leather armour
rPois   .          Reflect  .   (helmet restricted)
rElec   .          Harm     .   d - +0 cloak
rCorr   .          Rampage  .   (no gloves)
Will    .....                   (no boots)
Stlth   +.........              j - amulet of regeneration
HPRegen 0.93/turn               (no ring)
MPRegen 0.08/turn               (no ring)

@: paralysed, on berserk cooldown, slowed
A: horns 2, retaliatory headbutt
a: Renounce Religion, Berserk, Trog's Hand


You were on level 3 of the Dungeon.
You worshipped Trog.
Trog was pleased with you.
You visited 1 branch of the dungeon, and saw 3 of its levels.

You collected 107 gold pieces.

Inventory:

Hand Weapons
 a - a +0 hand axe (weapon)
Missiles
 h - 2 throwing nets (quivered)
Armour
 d - a +0 cloak (worn)
 f - a +0 leather armour (worn)
Jewellery
 c - a ring of magical power
 j - an amulet of regeneration (around neck)
 l - an amulet of reflection
Scrolls
 b - a scroll of butterflies {unknown}
 g - 2 scrolls of identify {unknown}
 i - a scroll of vulnerability {unknown}
 m - a scroll of summoning {unknown}
Potions
 e - a potion of cancellation {unknown}
 k - 2 potions of curing {unknown}


   Skills:
 - Level 3.6 Fighting
 + Level 6.5 Axes
 - Level 2.4 Armour
 - Level 2.1 Dodging
 + Level 0.2 Stealth


You had 3 spell levels left.
You didn't know any spells.
Your spell library was empty.

Dungeon Overview and Level Annotations

Branches:
Dungeon (3/15)

Altars:

Annotations:
D:3 Grinder


Innate Abilities, Weirdness & Mutations

You have a pair of horns on your head.
You reflexively headbutt those who attack you in melee.


Message History

You feel a strong urge to attack something.
Grinder gestures at you. Pain shoots through your body!
You are no longer berserk.
You are exhausted.
You feel yourself slow down.
Grinder says, "FISH!"
Grinder gestures at you.
You barely resist. Grinder gestures at you. You resist with significant effort.
You hit Grinder but do no damage. Your headbutt misses Grinder.
Grinder is moderately wounded.
Grinder hits you.
You writhe in agony.
Grinder hits you!
You writhe in agony.
* * * LOW HITPOINT WARNING * * *
You closely miss Grinder. Your headbutt misses Grinder.
Grinder is moderately wounded.
Grinder hits you but does no damage.
You hit Grinder. You headbutt Grinder.
Grinder is heavily wounded.
Grinder hits you.
* * * LOW HITPOINT WARNING * * *
You writhe in agony.
* * * LOW HITPOINT WARNING * * *
Grinder says, "At least Makhleb appreciates what I'm doing."
Grinder barely misses you.
You hit Grinder.
Grinder is severely wounded.
Grinder zaps a wand.
The puff of flame hits you.
* * * LOW HITPOINT WARNING * * *
You hit Grinder but do no damage.
Grinder is severely wounded.
Grinder barely misses you. x2
You hit Grinder.
Grinder is severely wounded.
Grinder blinks!
Grinder gestures at you.
You suddenly lose the ability to move!
Grinder zaps a wand.
The puff of flame hits you!
You die...

.# ## #.## ####
#.#####.... ...#
#..........# ...#
#..........# ...#
###..........# ...#
#####............#
...#####........@.......#
..##....................#
#.#..#..............5...#
...)##..................#
.#......................#
..............#!...######
.#...##...####.....#
....##....# #.....##
.##.......# #.#.###


You could see Grinder.

Vanquished Creatures
  Robin (D:3)
  2 adders (D:2)
  A dart slug (D:3)
  5 orcs (D:3)
  10 endoplasms
  5 giant cockroaches
  12 goblins
  8 hobgoblins
  A kobold (D:1)
  5 quokkas
  2 ball pythons
  3 bats
  3 frilled lizards (D:1)
  4 rats
62 creatures vanquished.

Notes
Turn   | Place    | Note
-------+----------+-------------------------------------------
     0 | D:1      | Wiggles the Minotaur Berserker began the quest for the Orb.
     0 | D:1      | Reached XP level 1. HP: 19/19 MP: 0/0
    49 | D:1      | Reached skill level 4 in Axes
   358 | D:1      | Reached XP level 2. HP: 26/26 MP: 1/1
   566 | D:1      | Found a faded altar of an unknown god.
   879 | D:1      | Reached skill level 5 in Axes
   917 | D:1      | Reached XP level 3. HP: 28/31 MP: 2/2
  1194 | D:2      | Reached ** piety under Trog
  1778 | D:3      | Reached XP level 4. HP: 34/39 MP: 3/3
  1786 | D:3      | Reached skill level 6 in Axes
  1813 | D:3      | Noticed Robin
  1829 | D:3      | Killed Robin
  1997 | D:3      | Noticed Grinder
  2012 | D:3      | HP: 1/39 [Grinder/puff of flame (3)]
  2015 | D:3      | Paralysed by Grinder for 2 turns
  2015 | D:3      | Killed from afar by Grinder

Illustrated notes

Levels and vault maps discovered:
D:1:      minmay_arrival_five_plusses, layout_loops_ring,
          nicolae_ecumenical_lake_church
D:2:      layout_loops_cross
D:3:      layout_rooms, trog_antimagical, cheibrodos_worm_habitat, uniq_robin,
          uniq_grinder

Skill      XL: |  1  2  3  4 |
---------------+-------------+-----
Axes           | 4 5 6 |  6.5
Fighting       | |  3.6
Armour         | |  2.4
Dodging        | |  2.1
Stealth        | |  0.2

Action                   |  1- 3 |  4- 6 || total
-------------------------+-------+-------++-------
Melee: Hand axe          |    76 |    33 ||   109
       Headbutt          |    13 |     5 ||    18
Invok: Berserk           |     1 |     1 ||     2
Armor: Animal skin       |     8 |       ||     8
       Leather armour    |    15 |    15 ||    30
Dodge: Dodged            |    34 |    29 ||    63
